 Dungeon Crawl Stone Soup version 0.30.1-3-gfc49f6343a (webtiles) character file.

Game seed: 12030929054728003940

30 KyoPewz the Cudgeller (level 3, -1/36 HPs)
             Began as an Ogre Gladiator on July 30, 2023.
             Slain by a frilled lizard (3 damage)
             ... on level 2 of the Dungeon.
             The game lasted 00:01:56 (889 turns).

KyoPewz the Cudgeller (Ogre Gladiator)               Turns: 889, Time: 00:01:56

Health: -1/36      AC:  3    Str: 20    XL:     3   Next: 18%
Magic:  3/3        EV: 10    Int:  9    God:
Gold:   68         SH:  0    Dex: 10    Spells: 2/2 levels left

rFire   . . .        a - +0 flail
rCold   . . .        (no shield)
rNeg    . . .        b - +0 robe
rPois   .            c - +0 hat
rElec   .            k - scarf {repulsion}
rCorr   .            (gloves unavailable)
SInv    .            (boots unavailable)
Will    +....        (no amulet)
Stlth   +            o - ring of willpower
HPRegen 0.26/turn    (no ring)
MPRegen 0.08/turn

%: repel missiles
@: no status effects
A: large, unfitting armour, tough skin 1
a: no special abilities


You were on level 2 of the Dungeon.
You visited 1 branch of the dungeon, and saw 2 of its levels.

You collected 68 gold pieces.

Inventory:

Hand Weapons
 a - a +0 flail (weapon)
Missiles
 d - 3 throwing nets (quivered)
 e - a large rock
 f - 7 stones
 h - 9 poisoned darts
Armour
 b - a +0 robe (worn)
 c - a +0 hat (worn)
 k - a scarf of repulsion (worn)
Jewellery
 o - a ring of willpower (left hand)
Scrolls
 g - a scroll of blinking {unknown}
 i - 3 scrolls of identify {unknown}
 j - a scroll of teleportation {unknown}
 m - a scroll of fear {unknown}
Potions
 l - a potion of brilliance {unknown}
 n - a potion of cancellation {unknown}


   Skills:
 - Level 2.6 Fighting
 * Level 3.5 Maces & Flails
 + Level 2.5 Throwing
 - Level 2.6 Dodging


You had 2 spell levels left.
You didn't know any spells.
Your spell library contained the following spells:

 Spells                   Type           Power      Damage    Failure   Level
 Beastly Appendage        Tmut           0%         N/A       38%         1
 Wereblood                Tmut           0%         N/A       52%         2
 Spider Form              Tmut/Pois      0%         N/A       77%         3


Dungeon Overview and Level Annotations

Branches:
Dungeon (2/15)

Altars:
Elyvilon


Innate Abilities, Weirdness & Mutations

You are too large for most types of armour.
You have tough skin. (AC +1)


Message History

Found a white marble altar of Elyvilon.
Found a stone staircase leading down.
You now have 68 gold pieces (gained 5).
A ball python comes into view.
The ball python hisses angrily.
A ball python is nearby!
A frilled lizard comes into view.
The frilled lizard hisses angrily.
A gnoll comes into view. It is wielding a +0 flail.
The frilled lizard moves out of view.
The gnoll shouts!
You hit the ball python.
You kill the ball python!
A gnoll comes into view. It is wielding a +0 whip.
The gnoll shouts!
A gnoll comes into view. It is wielding a +0 club.
The gnoll hits you with a +0 flail.
An adder comes into view.
You take 5 damage, and have 31/36 hp.
The adder hisses angrily.
You hit the gnoll.
The gnoll is heavily wounded.
The gnoll hits you with a +0 flail!
You take 10 damage, and have 21/36 hp.
MASSIVE DAMAGE!!
You are too injured to fight recklessly!
The gnoll attacks as you move away! The gnoll closely misses you.
The gnoll throws a throwing net.
The throwing net hits you.
You become entangled in the net!
The frilled lizard bites you but does no damage.
You see here a throwing net.
You struggle against the net.
The gnoll hits you with a +0 flail! The frilled lizard bites you.
You take 9 damage, and have 13/36 hp.
MASSIVE DAMAGE!!
You tear a large gash into the net.
The gnoll hits you with a +0 flail!
* * * LOW HITPOINT WARNING * * *
The frilled lizard bites you but does no damage.
You take 11 damage, and have 2/36 hp.
MASSIVE DAMAGE!!
You shred the net and break free! The gnoll closely misses you. x2
The frilled lizard bites you.
You die...

####### ....... .......
##....... .######
......... .# #........
.# #......?. .#
#...g.... .############
#.S...... .......##...##
#gg......
######.......###@#......
#........#.l#######
#.._...#.......#
#.....####>###....
#.....# #.# ... #..####
#.# . ..## #.# .### #.#
..#


You could see 3 gnolls, an adder and a frilled lizard.

Vanquished Creatures
  5 bats (D:1)
  2 endoplasms (D:1)
  A giant cockroach (D:1)
  4 hobgoblins (D:1)
  2 jackals (D:1)
  4 ball pythons
  A frilled lizard (D:1)
  5 goblins (D:1)
  2 rats (D:1)
26 creatures vanquished.

Notes
Turn   | Place    | Note
-------+----------+-------------------------------------------
     0 | D:1      | KyoPewz the Ogre Gladiator began the quest for the Orb.
     0 | D:1      | Reached XP level 1. HP: 22/22 MP: 1/1
    83 | D:1      | Found a faded altar of an unknown god.
   126 | D:1      | Reached skill level 3 in Maces & Flails
   127 | D:1      | Reached XP level 2. HP: 29/29 MP: 2/2
   505 | D:1      | Reached XP level 3. HP: 34/36 MP: 3/3
   863 | D:2      | Found a white marble altar of Elyvilon.
   889 | D:2      | Slain by a frilled lizard

Illustrated notes

Levels and vault maps discovered:
D:1:      mainiacjoe_arrival_reflecting_pool, layout_basic,
          nicolae_ecumenical_lake_church
D:2:      layout_rooms, basic_altar, uniq_robin

Skill      XL: |  1 |
---------------+----+-----
Maces & Flails | 3 |  3.5
Fighting       | |  2.6
Throwing       | |  2.5
Dodging        | |  2.6

Action                     || total
---------------------------++-------
  Melee: Flail             ||    75
   Stab: Sleeping          ||     1
 Armour: Robe              ||    30
  Dodge: Dodged            ||    63
